Map: Catalisador LE

Players

IagoAbreu - Winner!

  • Race: Zerg Zerg
  • League: Gold
  • Spawn Location: 11:00

fedido

  • Race: Protoss Protoss
  • League: Silver
  • Spawn Location: 5:00

VOD

Have the link to the VOD?

Description

Time

  • Played on: March 31, 2018, 11:36 a.m.
  • Length: 19:05
Show
View Real Time Build Order
Export as new Build Order

IagoAbreu Zerg - Winner!

Build Orders: Pool First 

Get SALT Encoding   

  12  0:03  Drone  
  13  0:11  Drone  
  14  0:20  Overlord  
  14  0:36  Spawning Pool  
  14  0:38  Drone  
  14  0:43  Drone  
  14  0:47  Drone  
  16  0:51  Drone  
  17  1:16  Hatchery  
  17  1:17  Drone  
  17  1:20  Drone  
  18  1:28  Zergling x2  
  19  1:37  Roach Warren  
  18  1:40  Extractor  
  18  1:44  Extractor  
  18  1:46  Queen  
  18  1:57  Drone x3  
  21  2:13  Drone  
  22  2:27  Queen, Overlord  
  26  2:58  Burrow  
  26  3:05  Roach x2  
  26  3:07  Overlord  
  26  3:08  Overlord x2  
  28  3:28  Drone x3  
  28  3:30  Drone x2  
  28  3:32  Drone  
  33  4:06  Drone x3  
  33  4:09  Drone  
  38  4:10  Drone x2  
  38  4:13  Metabolic Boost  
  39  4:26  Evolution Chamber  
  38  4:38  Zergling x10  
  43  4:47  Ravager x2  
  43  4:52  Roach x2  
  49  4:53  Roach  
  49  4:54  Overlord x3  
  51  5:24  Roach x3  
  51  5:25  Roach x4  
  65  5:29  Zerg Missile Weapons Level 1  
  65  5:32  Lair  
  65  5:38  Zergling x6  
  65  5:39  Roach x3  
  65  5:40  Zergling x2  
  75  5:51  Ravager  
  75  5:56  Overlord x3  
  76  6:03  Overlord  
  76  6:30  Roach x2  
  76  6:31  Zergling x8  
  84  6:37  Ravager x5  
  89  7:00  Roach x2  
  89  7:01  Roach x3  
  99  7:17  Hydralisk Den  
  98  7:23  Hatchery  
  77  8:08  Hydralisk x6  
  77  8:11  Zergling x14  
  82  8:48  Zergling x12  
  74  9:10  Hydralisk x2  
  74  9:11  Hydralisk x2  
  73  9:19  Roach x5  
  50  9:41  Ravager x4  
  54  10:01  Queen  
  54  10:03  Drone  
  54  10:04  Drone x2  
  59  10:10  Extractor  
  59  10:11  Extractor  
  57  10:17  Drone x3  
  57  10:18  Drone x2  
  57  10:19  Hydralisk x2  
  57  10:20  Hydralisk x2  
  70  10:41  Drone  
  70  10:42  Drone x4  
  75  10:55  Drone x3  
  78  11:10  Overseer x2  
  78  11:15  Pneumatized Carapace  
  78  11:48  Hydralisk x4  
  78  11:49  Hydralisk x4  
  78  11:50  Zergling x8  
  78  11:51  Zergling x10  
  89  12:07  Zergling x6  
  92  12:26  Hydralisk x8  
  92  12:34  Grooved Spines  
  92  12:37  Hydralisk x4  
  92  12:38  Hydralisk x6  
  112  12:55  Nydus Network  
  53  13:50  Hydralisk  
  53  13:51  Hydralisk x7  
  53  13:52  Hydralisk x6  
  81  14:04  Hatchery  
  81  14:05  Hatchery  
  79  14:12  Queen  
  79  14:14  Queen  
  83  14:32  Overseer  
  83  14:45  Hydralisk x7  
  89  14:47  Overlord x2  
  89  14:48  Overlord x6  
  89  14:52  Zergling x2  
  98  15:03  Extractor  
  98  15:07  Drone, Extractor  
  97  15:32  Hydralisk  
  97  15:33  Hydralisk x5  
  97  15:34  Hydralisk x6  
  97  15:35  Hydralisk x4  
  127  15:37  Hydralisk  
  127  15:42  Hydralisk  
  133  16:13  Zergling x12  
  133  16:14  Zergling x14  
  133  16:15  Zergling x12  
  152  16:30  Nydus Network  
  151  17:01  Nydus Canal  
  151  17:08  Hydralisk x3  
  151  17:09  Zergling x8  
  151  17:10  Zergling x4, Hydralisk x2  
  151  17:12  Zergling x12  
  151  17:13  Zergling x2  
  151  17:15  Overlord x6  
  155  18:15  Hydralisk x3  
Show
View Real Time Build Order
Export as new Build Order

fedido Protoss 

Build Orders:  

Get SALT Encoding   

  12  0:02  Probe  
  13  0:19  Pylon  
  13  0:24  Probe  
  14  0:36  Probe  
  14  0:39  Forge  
  15  0:48  Probe  
  16  0:56  Pylon  
  16  1:00  Probe  
  17  1:06  Gateway  
  17  1:16  Photon Cannon  
  17  1:21  Assimilator  
  17  1:23  Probe  
  18  1:44  Probe  
  19  1:55  Cybernetics Core  
  19  1:59  Photon Cannon  
  19  2:10  Pylon  
  19  2:13  Zealot  
  21  2:22  Assimilator  
  21  2:25  Probe  
  22  2:37  Probe  
  22  2:40  Zealot  
  25  2:49  Probe  
  26  3:06  Probe  
  26  3:08  Sentry  
  29  3:23  Stargate  
  29  3:34  Zealot  
  31  3:35  Nexus  
  31  3:37  Probe  
  32  3:50  Probe  
  32  3:51  Pylon  
  33  3:56  Pylon  
  33  3:59  Pylon  
  33  4:01  Zealot  
  33  4:02  Probe  
  36  4:14  Probe  
  36  4:16  Photon Cannon  
  37  4:22  Photon Cannon  
  37  4:26  Probe  
  37  4:28  Zealot  
  40  4:31  Photon Cannon  
  40  4:39  Probe  
  41  4:47  Probe  
  41  4:51  Probe  
  43  4:56  Shield Battery  
  43  4:59  Probe  
  44  5:00  Assimilator  
  44  5:03  Assimilator  
  44  5:06  Pylon  
  44  5:11  Probe  
  44  5:12  Pylon  
  45  5:16  Pylon  
  45  5:33  Photon Cannon  
  45  5:36  Photon Cannon  
  45  5:42  Probe  
  46  5:54  Probe  
  46  5:56  Stalker  
  49  6:00  Void Ray  
  53  6:06  Probe  
  54  6:15  Stargate  
  54  6:17  Stargate  
  54  6:18  Probe  
  54  6:22  Stargate  
  54  6:25  Stargate  
  55  6:26  Stalker  
  55  6:31  Probe  
  58  6:35  Protoss Air Weapons Level 1  
  58  6:43  Probe  
  59  6:55  Probe  
  60  7:07  Probe  
  61  7:11  Void Ray  
  65  7:19  Probe  
  65  7:21  Nexus  
  65  7:31  Probe  
  64  7:43  Probe  
  53  8:04  Zealot  
  41  8:20  Void Ray x4  
  57  8:30  Protoss Air Armor Level 1  
  57  8:31  Zealot  
  48  9:00  Void Ray  
  50  9:44  Pylon  
  50  9:46  Pylon  
  50  9:47  Pylon  
  50  10:00  Pylon  
  50  10:06  Pylon  
  50  10:07  Void Ray x4  
  50  10:14  Gateway  
  66  10:22  Pylon  
  66  10:50  Forge  
  66  10:57  Robotics Facility  
  66  11:06  Oracle  
  69  11:44  Observer (Chrono Boost)  
  70  12:01  Nexus  
  70  12:11  Void Ray x2  
  78  12:19  Probe  
  79  12:31  Probe  
  80  12:43  Probe  
  57  13:48  Probe  
  58  13:52  Probe  
  59  13:58  Stalker  
  59  14:00  Probe  
  62  14:04  Probe  
  63  14:12  Probe  
  63  14:16  Probe  
  65  14:24  Probe  
  65  14:28  Adept  
  65  14:29  Probe  
  69  14:36  Probe  
  70  14:41  Probe  
  74  14:45  Oracle x2  
  77  14:53  Observer  
  77  14:55  Adept  
  80  15:14  Probe  
  81  15:15  Observer  
  82  15:22  Adept  
  82  15:26  Probe  
  85  15:38  Probe  
  88  15:50  Adept, Probe  
  89  16:26  Stalker  
  89  16:30  Void Ray  
  95  16:35  Probe  
  96  16:47  Probe  
  97  16:56  Stalker  
  97  17:00  Probe  
  100  17:12  Probe, Nexus  
  101  17:26  Stalker  
Tags
 
Add a new tag
Caveats
  • Supply blocks, unpowered buildings, or Contaminate may cause inaccurate times.
  • Supply counts are checked every 10 seconds.